Map: Ephemeron LE

Players

DnS

  • Race: Protoss Protoss
  • Spawn Location: 5:00

Harstem - Winner!

  • Race: Protoss Protoss
  • Spawn Location: 11:00

Event: IEM Katowice 2020

VOD

Have the link to the VOD?

Description

Time

  • Played on: Feb. 25, 2020, 7:02 a.m.
  • Length: 16:28

All games in this series

Show
View Real Time Build Order
Export as new Build Order

DnS Protoss 

Build Orders: Oracle Opening, Zealot Archon 

Get SALT Encoding   

  12  0:00  Probe  
  13  0:12  Probe  
  14  0:17  Pylon  
  14  0:24  Probe (Chrono Boost)  
  15  0:36  Probe (Chrono Boost), Gateway  
  16  0:44  Probe (Chrono Boost)  
  16  0:45  Assimilator  
  17  0:51  Probe  
  17  0:54  Assimilator  
  18  1:03  Probe (Chrono Boost)  
  19  1:07  Gateway  
  19  1:13  Probe (Chrono Boost)  
  19  1:17  Probe (Chrono Boost)  
  20  1:23  Cybernetics Core  
  21  1:29  Probe  
  22  1:34  Pylon  
  22  1:41  Probe  
  23  1:53  Probe  
  24  1:59  Stalker x2  
  24  2:01  Warp Gate  
  28  2:12  Pylon  
  28  2:29  Stalker  
  30  2:30  Stalker  
  32  2:39  Stargate  
  32  3:05  Shield Battery  
  32  3:18  Probe  
  32  3:19  Oracle (Chrono Boost)  
  33  3:20  Nexus  
  36  3:28  Pylon  
  36  3:35  Probe  
  33  3:49  Probe (Chrono Boost), Stalker  
  33  3:54  Oracle  
  37  4:01  Probe (Chrono Boost)  
  38  4:08  Probe (Chrono Boost)  
  39  4:10  Robotics Facility  
  39  4:16  Probe (Chrono Boost)  
  40  4:24  Adept x2  
  40  4:28  Probe (Chrono Boost)  
  45  4:34  Probe (Chrono Boost)  
  45  4:38  Probe (Chrono Boost)  
  47  4:41  Probe (Chrono Boost)  
  47  4:44  Probe (Chrono Boost), Forge  
  49  4:46  Probe (Chrono Boost)  
  49  4:48  Sentry  
  52  4:55  Probe  
  52  4:58  Probe  
  55  5:07  Probe (Chrono Boost)  
  55  5:10  Probe (Chrono Boost)  
  54  5:16  Protoss Ground Weapons Level 1 (Chrono Boost)  
  54  5:21  Assimilator, Twilight Council  
  53  5:22  Assimilator  
  53  5:23  Probe (Chrono Boost), Observer  
  53  5:25  Probe (Chrono Boost)  
  55  5:29  Probe (Chrono Boost)  
  55  5:30  Adept x2  
  55  5:32  Probe (Chrono Boost)  
  55  5:34  Pylon  
  61  5:37  Probe  
  61  5:42  Pylon  
  62  5:52  Probe x2  
  64  5:58  Charge, Pylon  
  64  6:02  Gateway  
  64  6:03  Gateway  
  64  6:04  Probe  
  65  6:23  Gateway  
  65  6:24  Gateway  
  63  6:26  Gateway, Templar Archives  
  63  6:27  Immortal (Chrono Boost)  
  63  6:29  Gateway  
  65  6:40  Zealot x2  
  65  6:44  Pylon  
  69  6:59  Immortal  
  73  7:03  Nexus  
  73  7:06  Pylon  
  73  7:10  Protoss Ground Weapons Level 2 (Chrono Boost)  
  73  7:16  High Templar x2  
  73  7:20  Archon, Zealot x2  
  81  7:29  Zealot x2  
  85  7:35  High Templar x2  
  89  7:37  Observer  
  89  7:39  Archon  
  89  7:50  Zealot x6  
  101  7:54  Pylon  
  101  8:08  Pylon  
  101  8:15  Stalker x3  
  104  8:28  Probe x2  
  104  8:31  High Templar  
  104  8:32  High Templar  
  110  8:35  Warp Prism  
  110  8:36  Archon  
  110  8:40  Probe  
  113  8:51  Probe  
  113  8:52  Probe  
  113  8:55  High Templar x2, Zealot x2  
  119  8:56  Zealot  
  119  8:58  Pylon  
  119  9:00  Archon  
  125  9:03  Probe  
  125  9:05  Photon Cannon  
  125  9:08  Pylon  
  126  9:13  Probe  
  126  9:14  Probe  
  126  9:15  Probe  
  129  9:22  Assimilator  
  129  9:23  Assimilator  
  129  9:24  Robotics Bay  
  129  9:25  Probe  
  129  9:26  Probe  
  129  9:27  Probe  
  132  9:31  High Templar x2  
  132  9:34  Zealot x2  
  132  9:37  Probe, Archon  
  141  9:42  Protoss Ground Weapons Level 3 (Chrono Boost)  
  141  9:53  Zealot x4  
  141  9:56  Robotics Facility  
  141  9:57  Pylon  
  149  10:03  Pylon  
  149  10:04  Pylon  
  147  10:15  Disruptor (Chrono Boost)  
  147  10:18  Zealot x3  
  156  10:23  Pylon  
  156  10:33  Pylon  
  156  10:35  Zealot x4  
  164  10:37  Photon Cannon  
  164  10:40  Pylon  
  164  10:41  Colossus (Chrono Boost)  
  170  10:52  Colossus (Chrono Boost)  
  170  10:56  Extended Thermal Lance  
  176  11:03  Phoenix  
  178  11:17  Stargate  
  178  11:24  Fleet Beacon, Colossus (Chrono Boost)  
  184  11:33  Colossus (Chrono Boost)  
  190  11:49  Nexus  
  186  11:59  Phoenix  
  186  12:00  Zealot x2  
  186  12:01  Zealot x2  
  196  12:07  Zealot x4  
  179  12:18  Phoenix  
  179  12:20  Zealot  
  179  12:21  Zealot x3  
  181  12:28  Zealot  
  181  12:36  Colossus  
  169  12:38  Phoenix  
  169  12:39  Probe x3  
  174  12:49  Photon Cannon  
  174  12:53  Protoss Shields Level 1  
  174  12:55  Phoenix  
  176  12:58  High Templar x3  
  176  13:00  High Templar  
  176  13:02  Archon  
  176  13:03  Pylon  
  176  13:04  Archon  
  177  13:16  Observer  
  177  13:19  Zealot x4  
  173  13:31  Observer  
  174  13:36  Phoenix (Chrono Boost)  
  174  13:38  Phoenix (Chrono Boost)  
  176  13:50  Zealot  
  176  13:51  Zealot  
  174  13:57  Zealot x6  
  186  14:13  Nexus  
  176  14:18  Observer (Chrono Boost)  
  176  14:19  Observer (Chrono Boost)  
  176  14:20  Zealot x5  
  188  14:28  Zealot x2  
  183  14:41  High Templar x4  
  183  14:42  High Templar x2  
  183  14:44  Photon Cannon  
  195  14:45  Archon  
  195  14:46  Archon x2  
  195  14:48  Pylon  
  195  14:55  Zealot  
  197  15:14  Zealot  
  199  15:19  Zealot  
  199  15:20  Zealot  
  188  15:32  Observer (Chrono Boost)  
  172  15:39  Zealot x5, Observer (Chrono Boost)  
  118  16:00  Zealot x5  
Show
View Real Time Build Order
Export as new Build Order

Harstem Protoss - Winner!

Build Orders: Oracle Opening, Zealot Archon 

Get SALT Encoding   

  12  0:01  Probe  
  13  0:13  Probe  
  14  0:19  Pylon  
  14  0:25  Probe  
  15  0:37  Probe (Chrono Boost)  
  15  0:39  Gateway  
  16  0:46  Probe (Chrono Boost)  
  16  0:49  Assimilator  
  17  0:51  Probe (Chrono Boost)  
  17  0:56  Assimilator  
  18  1:03  Probe (Chrono Boost)  
  19  1:08  Gateway  
  19  1:13  Probe (Chrono Boost)  
  20  1:18  Probe (Chrono Boost)  
  21  1:26  Cybernetics Core  
  21  1:30  Probe  
  22  1:35  Pylon  
  22  1:42  Probe  
  23  1:54  Probe  
  24  2:02  Warp Gate (Chrono Boost), Stalker  
  26  2:09  Sentry  
  28  2:18  Probe, Pylon  
  29  2:33  Stalker  
  29  2:34  Oracle  
  30  2:37  Stalker  
  33  2:47  Nexus  
  33  2:50  Probe  
  33  3:00  Robotics Facility  
  33  3:03  Probe  
  34  3:07  Sentry  
  36  3:14  Pylon  
  36  3:16  Probe  
  36  3:18  Sentry  
  39  3:28  Pylon  
  39  3:32  Probe  
  40  3:45  Stalker  
  40  3:47  Probe (Chrono Boost)  
  41  3:57  Observer  
  41  3:59  Probe (Chrono Boost)  
  41  4:01  Probe (Chrono Boost)  
  41  4:02  Stalker  
  46  4:08  Probe (Chrono Boost)  
  46  4:09  Probe (Chrono Boost), Forge  
  48  4:15  Stalker  
  48  4:16  Probe  
  51  4:20  Probe (Chrono Boost)  
  52  4:28  Stalker  
  55  4:32  Probe (Chrono Boost)  
  55  4:33  Probe (Chrono Boost)  
  56  4:39  Stalker  
  56  4:40  Probe (Chrono Boost)  
  56  4:42  Probe (Chrono Boost)  
  56  4:44  Twilight Council  
  60  4:47  Probe  
  62  4:52  Probe  
  62  4:53  Pylon  
  62  4:57  Shield Battery  
  62  4:59  Probe  
  63  5:04  Stalker  
  64  5:08  Probe  
  64  5:11  Probe  
  65  5:17  Protoss Ground Weapons Level 1 (Chrono Boost)  
  65  5:20  Probe, Assimilator  
  66  5:23  Probe, Assimilator  
  66  5:24  Charge  
  66  5:26  Pylon  
  69  5:41  Gateway  
  69  5:42  Gateway x2  
  68  5:43  Gateway  
  68  5:48  Gateway  
  67  5:50  Gateway  
  67  6:04  Warp Prism (Chrono Boost)  
  67  6:10  Templar Archives  
  69  6:14  Stalker x2  
  71  6:19  Probe (Chrono Boost)  
  71  6:21  Probe (Chrono Boost)  
  72  6:33  Probe (Chrono Boost)  
  72  6:34  Probe (Chrono Boost)  
  72  6:37  Probe (Chrono Boost)  
  73  6:41  Probe  
  74  6:47  Probe  
  74  6:53  Probe  
  76  6:55  Nexus  
  76  7:01  High Templar x2  
  79  7:03  Pylon  
  79  7:04  Pylon  
  79  7:05  High Templar x2  
  79  7:08  Archon  
  85  7:13  Archon, Zealot  
  86  7:20  Pylon  
  86  7:25  Zealot x3  
  86  7:27  Protoss Ground Weapons Level 2 (Chrono Boost)  
  92  7:33  Pylon  
  92  7:35  Probe  
  93  7:42  Zealot x5  
  99  7:51  Probe x2  
  99  7:53  High Templar x2  
  99  7:55  Photon Cannon  
  105  8:01  Archon  
  105  8:04  Zealot  
  105  8:05  Zealot  
  109  8:20  High Templar x2  
  109  8:21  Zealot x2  
  109  8:23  Shield Battery  
  111  8:27  Archon  
  111  8:29  Zealot x4  
  117  8:40  Shield Battery  
  117  8:41  Shield Battery  
  117  8:45  High Templar x2  
  117  8:46  Shield Battery  
  121  8:49  Archon  
  121  8:50  Probe  
  121  8:52  Zealot  
  124  8:58  Probe x2  
  124  9:01  Pylon  
  124  9:02  Probe  
  127  9:05  Immortal (Chrono Boost)  
  127  9:06  Sentry  
  133  9:19  Probe, Assimilator  
  133  9:20  Probe  
  133  9:23  Pylon, Assimilator  
  135  9:25  High Templar  
  135  9:26  Photon Cannon  
  135  9:31  High Templar  
  135  9:34  Probe, Pylon  
  135  9:35  Probe  
  135  9:37  Probe, Pylon  
  140  9:39  Archon  
  140  9:41  Pylon  
  140  9:46  Probe  
  140  9:47  Pylon  
  140  9:48  Protoss Ground Weapons Level 3 (Chrono Boost)  
  140  9:52  Probe  
  140  9:59  Robotics Bay  
  140  10:05  Zealot x2  
  140  10:06  Zealot x2  
  148  10:15  Probe  
  149  10:30  Nexus  
  149  10:31  Probe, Pylon  
  149  10:34  High Templar x2, Robotics Facility  
  154  10:36  Pylon  
  154  10:40  Archon, Observer (Chrono Boost)  
  154  10:41  Probe  
  156  10:45  Probe  
  158  10:50  Probe  
  158  10:51  Disruptor (Chrono Boost)  
  158  10:52  Photon Cannon, Dark Shrine  
  158  10:53  Probe  
  160  11:02  Blink  
  160  11:08  Photon Cannon  
  160  11:10  Assimilator  
  160  11:12  Photon Cannon  
  160  11:13  Gravitic Drive (Chrono Boost)  
  160  11:14  Assimilator  
  160  11:18  Pylon  
  160  11:20  Shield Battery  
  160  11:23  Disruptor (Chrono Boost)  
  160  11:25  Disruptor (Chrono Boost)  
  163  11:27  Probe  
  163  11:29  Probe  
  163  11:30  Pylon  
  168  11:35  Zealot x2  
  168  11:38  Pylon  
  170  11:50  Stalker  
  170  11:51  Disruptor (Chrono Boost), Stalker  
  173  11:57  Probe  
  173  12:00  Zealot x3  
  173  12:01  Zealot  
  173  12:02  Zealot  
  175  12:11  Dark Templar  
  175  12:14  Zealot x2  
  178  12:20  Probe x3  
  178  12:21  Probe  
  177  12:25  Disruptor (Chrono Boost)  
  177  12:28  Stargate  
  169  12:33  Disruptor (Chrono Boost)  
  169  12:36  Stalker x2  
  169  12:37  Zealot, Stalker  
  168  12:41  Dark Templar x2  
  174  12:52  Zealot x2  
  174  12:54  Observer  
  179  13:00  Probe  
  180  13:10  Observer  
  180  13:11  Nexus  
  180  13:28  Disruptor (Chrono Boost)  
  180  13:31  Pylon, Fleet Beacon  
  180  13:35  Stargate, Warp Prism (Chrono Boost)  
  180  13:42  Stalker x5  
  180  13:43  High Templar x2  
  188  13:48  Archon  
  186  14:05  Photon Cannon  
  186  14:07  Protoss Shields Level 1, Shield Battery  
  178  14:24  Photon Cannon, Carrier x2 (Chrono Boost)  
  178  14:30  Dark Templar x3  
  178  14:31  Zealot x2  
  181  14:43  Dark Templar x2  
  183  15:13  Disruptor  
  184  15:16  Dark Templar, Zealot x3  
  184  15:17  Dark Templar  
  184  15:20  Carrier  
  185  15:35  Stalker x3  
  183  15:50  Zealot x4  
  176  15:58  Dark Templar  
  176  16:03  Dark Templar x2  
  144  16:24  Zealot x3  
  144  16:25  Zealot  

Tags
 
Add a new tag
Caveats
  • Supply blocks, unpowered buildings, or Contaminate may cause inaccurate times.
  • Supply counts are checked every 10 seconds.